 Dungeon Crawl Stone Soup version 0.28-a0-406-g4bac719ec2 (webtiles) character file.

Game seed: 13401517405948720723

2437 Jawa73 the Thaumaturge (level 9, -2/65 HPs)
             Began as a Gnoll Hedge Wizard on Sept 4, 2021.
             Was a Follower of Vehumet.
             Slain by a boulder beetle (24 damage)
             ... on level 6 of the Dungeon on Sept 5, 2021.
             The game lasted 00:43:50 (9560 turns).

Jawa73 the Thaumaturge (Gnoll Hedge Wizard)         Turns: 9560, Time: 00:43:50

Health: -2/65      AC:  6    Str:  9    XL:     9   Next: 49%
Magic:  0/21       EV: 14    Int: 17    God:    Vehumet [*.....]
Gold:   442        SH:  0    Dex: 12    Spells: 1/24 levels left

rFire   . . .      SeeInvis .   C - +4 long sword
rCold   . . .      Faith    .   (no shield)
rNeg    . . .      Spirit   +   y - +1 animal skin
rPois   +          Reflect  .   j - +1 helmet
rElec   .          Harm     .   B - +0 cloak
rCorr   .          Rampage  .   (no gloves)
Will    .....                   (no boots)
Stlth   +++.......              n - amulet of guardian spirit
HPRegen 0.20/turn               e - ring of poison resistance
MPRegen 0.17/turn               r - +4 ring of slaying

@: very slightly contaminated
A: fangs 1, strong nose, distributed training
a: Renounce Religion


You were on level 6 of the Dungeon.
You worshipped Vehumet.
Vehumet was aware of your devotion.
You visited 1 branch of the dungeon, and saw 7 of its levels.

You collected 491 gold pieces.
You spent 49 gold pieces at shops.

Inventory:

Hand Weapons
 a - a +4 flail
 b - a +2 dagger of venom
 C - a +4 long sword (weapon)
Missiles
 d - 21 poisoned darts
 g - 7 silver javelins (quivered)
 z - 23 bolts
 A - 83 arrows
Armour
 j - a +1 helmet (worn)
 m - a +2 scale mail of fire resistance
 y - a +1 animal skin (worn)
 B - a +0 cloak (worn)
Magical Staves
 c - a staff of fire
 E - a staff of poison
Jewellery
 e - a ring of poison resistance (left hand)
 i - a ring of protection from cold
 n - an amulet of guardian spirit (around neck)
 r - a +4 ring of slaying (right hand)
Wands
 p - a wand of digging (2)
Scrolls
 t - a scroll of magic mapping
 x - 3 scrolls of noise
 D - a scroll of identify
Potions
 f - a potion of ambrosia
 h - 2 potions of lignification
 k - a potion of haste
 l - a potion of degeneration
 o - a potion of flight
 s - 2 potions of curing
 v - 3 potions of heal wounds


   Skills:
 + Level 4.3 Fighting
 + Level 4.3 Short Blades
 + Level 4.3 Long Blades
 + Level 4.3 Axes
 + Level 4.3 Maces & Flails
 + Level 4.3 Polearms
 + Level 4.3 Staves
 + Level 4.3 Slings
 + Level 4.3 Bows
 + Level 4.3 Crossbows
 + Level 4.3 Throwing
 + Level 4.3 Armour
 + Level 6.3 Dodging
 + Level 6.1 Stealth
 + Level 4.3 Shields
 + Level 4.3 Unarmed Combat
 + Level 8.4 Spellcasting
 + Level 4.2 Conjurations
 + Level 3.5 Hexes
 + Level 4.2 Summonings
 + Level 3.5 Necromancy
 + Level 4.2 Translocations
 + Level 3.5 Transmutations
 + Level 3.5 Fire Magic
 + Level 3.5 Ice Magic
 + Level 3.5 Air Magic
 + Level 3.5 Earth Magic
 + Level 3.5 Poison Magic
 + Level 4.7 Invocations
 + Level 4.3 Evocations


You had one spell level left.
You knew the following spells:

 Your Spells              Type           Power      Damage    Failure   Level
a - Magic Dart            Conj           84%        1d7       1%          1
b - Summon Lightning Spi  Summ/Air       20%        N/A       21%         4
c - Blink                 Tloc           N/A        N/A       2%          2
d - Slow                  Hex            19%        N/A       3%          2
e - Apportation           Tloc           42%        N/A       1%          1
f - Mephitic Cloud        Conj/Pois/Air  19%        N/A       6%          3
g - Ignite Poison         Fire/Tmut/Pois 19%        N/A       7%          3
h - Call Canine Familiar  Summ           21%        N/A       5%          3
i - Airstrike             Air            9%         N/A       24%         4

Your spell library contained the following spells:

 Spells                   Type           Power      Damage    Failure   Level
 Shock                    Conj/Air       80%        1d8       1%          1
 Summon Small Mammal      Summ           84%        N/A       1%          1
 Call Imp                 Summ           21%        N/A       2%          2
 Gell's Gravitas          Tloc           10%        N/A       5%          3
 Teleport Other           Tloc           21%        N/A       5%          3
 Conjure Flame            Conj/Fire      20%        6-21      6%          3
 Summon Guardian Golem    Hex/Summ       20%        N/A       6%          3
 Confusing Touch          Hex            19%        N/A       7%          3
 Vampiric Draining        Necr           9%         2d7       7%          3
 Sticky Flame             Conj/Fire      20%        2d4       21%         4
 Fireball                 Conj/Fire      10%        3d6       50%         5
 Lightning Bolt           Conj/Air       10%        1d23      50%         5
 Dispersal                Tloc           10%        N/A       95%         6
 Starburst                Conj/Fire      10%        6d5       97%         6
 Ignition                 Fire           9%         3d5       100%        8


Dungeon Overview and Level Annotations

Branches:
Dungeon (7/15)             Temple (0/1) D:5

Altars:
Ashenzari
Dithmenos
Gozag
Kikubaaqudgha
Nemelex Xobeh
Qazlal
Sif Muna
Vehumet
Wu Jian
Xom
Yredelemnul
The Shining One

Shops:
D:1 (   D:5 ?


Innate Abilities, Weirdness & Mutations

You have very sharp teeth.
Your uncanny sense of smell can sniff out nearby items.
Your experience applies equally to all skills.


Message History

You see here a +0 flail.
A - 83 arrows (gained 21)
You see here a +0 leather armour.
Things that are here:
a +0 robe; a +0 dagger
There is a stone staircase leading down here.
You climb downwards.
There is a stone staircase leading up here.
You see here a +0 flail.
Items here: )) [[.
Things that are here:
a +0 leather armour; a +0 flail
Things that are here:
a +0 robe; a +0 dagger This spell is dangerous to cast!
Memorise Airstrike, consuming 4 spell levels and leaving 1?
You start memorising the spell.
You continue memorising. x4
You finish memorising.
Spell assigned to 'i'.
Okay, then.
There is a stone staircase leading down here.
You hit the boulder beetle.
The boulder beetle is lightly wounded.
The boulder beetle bites you!!
Casting: Summon Lightning Spire (dangerous; 21% risk of failure)
Confirm with . or Enter, or press ? or * to list all spells.
An electric hum fills the air.
The boulder beetle bites you!!
Casting: Summon Lightning Spire (dangerous; 21% risk of failure)
Confirm with . or Enter, or press ? or * to list all spells.
You blink.
The boulder beetle curls into a ball and begins rolling!
Casting: Blink (safe; 2% risk of failure)
Confirm with . or Enter, or press ? or * to list all spells.
You miscast Call Canine Familiar.
You are very lightly contaminated with residual magic.
Nothing appears to happen.
Casting: Call Canine Familiar (dangerous; 5% risk of failure)
Confirm with . or Enter, or press ? or * to list all spells.
Okay, then.
The boulder beetle hits you!!
You die...

#.#.##.#.# #.###......##
#.#....#.# #............
#.######.# #.###......##
#........# #.# #......##
##############.###########
#..........>......#####
#.........°...###......
#.......○°.8......###'#
#.....@B..........# ♣.♣
#.................#♣#.#
#.................#♣._.
#.......)(........#♣#[#
#.............##### ♣♣♣
#.............# ######
#.............# #.##.#
#.............# #.##..
#.............# #.###.


You could see a boulder beetle (rolling, ally target) and a friendly lightning
spire (summoned).

Vanquished Creatures
  Pikel (D:4)
  A nameless horror (D:7)
  2 water moccasins
  An ice beast (D:6)
  2 ogres
  A necrophage (D:5)
  A centaur (D:5)
  A lemure (D:4)
  A scorpion (D:7)
  A water moccasin skeleton (D:6)
  2 wights (D:7)
  A bullfrog zombie (D:6)
  3 jellies (D:6)
  A hound (D:5)
  A centaur zombie (D:6)
  2 centaur skeletons
  2 orc priests
  A gnoll shaman (D:6)
  Jessica (D:3)
  5 iguanas
  Terence (D:3)
  4 orc wizards
  2 hound skeletons (D:4)
  A howler monkey zombie (D:6)
  Robin (D:2)
  A howler monkey skeleton (D:5)
  9 adders
  4 gnolls (D:6)
  An adder skeleton (D:4)
  2 worms (D:2)
  9 dart slugs
  10 orcs
  7 endoplasms
  15 goblins
  9 hobgoblins
  2 jackals (D:3)
  6 quokkas
  12 ball pythons
  7 bats
  2 frilled lizards
  3 kobolds
  3 rats
142 creatures vanquished.

Vanquished Creatures (collateral kills)
  A wyvern zombie (D:7)
  A wight (D:7)
  A bullfrog zombie (D:7)
  A jelly (D:4)
  An orc wizard (D:7)
  A howler monkey zombie (D:7)
  2 orcs
  A bat (D:1)
  An endoplasm (D:1)
  4 goblins
  A hobgoblin (D:1)
  A ball python (D:2)
  A frilled lizard (D:2)
  A rat (D:2)
18 creatures vanquished.

Vanquished Creatures (others)
  A fungus (D:1)
  2 plants (D:1)
3 creatures vanquished.

Grand Total: 163 creatures vanquished

Notes
Turn   | Place    | Note
-------+----------+-------------------------------------------
     0 | D:1      | Jawa73 the Gnoll Hedge Wizard began the quest for the Orb.
     0 | D:1      | Reached XP level 1. HP: 13/13 MP: 8/8
   198 | D:1      | Reached XP level 2. HP: 19/19 MP: 8/10
   202 | D:1      | Learned a level 2 spell: Call Imp
   205 | D:1      | Learned a level 2 spell: Blink
   208 | D:1      | Learned a level 2 spell: Slow
   612 | D:1      | Found a faded altar of an unknown god.
   616 | D:1      | Reached XP level 3. HP: 14/25 MP: 8/11
   618 | D:1      | Got Plato's Almanac of Displacement
   621 | D:1      | Learned a level 1 spell: Apportation
   791 | D:1      | Found Ucweucro's Weapon Boutique.
  1719 | D:2      | Reached skill level 1 in Invocations
  2096 | D:2      | Noticed Robin
  2109 | D:2      | Reached skill level 1 in Fighting
  2109 | D:2      | Reached skill level 1 in Short Blades
  2109 | D:2      | Reached skill level 1 in Long Blades
  2109 | D:2      | Reached skill level 1 in Axes
  2109 | D:2      | Reached skill level 1 in Maces & Flails
  2109 | D:2      | Reached skill level 1 in Polearms
  2109 | D:2      | Reached skill level 1 in Staves
  2109 | D:2      | Reached skill level 1 in Slings
  2109 | D:2      | Reached skill level 1 in Bows
  2109 | D:2      | Reached skill level 1 in Crossbows
  2109 | D:2      | Reached skill level 1 in Throwing
  2109 | D:2      | Reached skill level 1 in Armour
  2109 | D:2      | Reached skill level 1 in Shields
  2109 | D:2      | Reached skill level 1 in Unarmed Combat
  2109 | D:2      | Reached skill level 1 in Evocations
  2599 | D:1      | Reached XP level 4. HP: 19/32 MP: 8/13
  2742 | D:2      | Killed Robin
  3073 | D:2      | Reached skill level 1 in Hexes
  3073 | D:2      | Reached skill level 1 in Necromancy
  3073 | D:2      | Reached skill level 1 in Transmutations
  3073 | D:2      | Reached skill level 1 in Fire Magic
  3073 | D:2      | Reached skill level 1 in Ice Magic
  3073 | D:2      | Reached skill level 1 in Air Magic
  3073 | D:2      | Reached skill level 1 in Earth Magic
  3073 | D:2      | Reached skill level 1 in Poison Magic
  3180 | D:2      | Learned a level 3 spell: Mephitic Cloud
  3429 | D:2      | Reached XP level 5. HP: 37/37 MP: 9/14
  3871 | D:3      | Found a sparkling altar of Nemelex Xobeh.
  3963 | D:3      | Noticed Jessica
  3965 | D:3      | Killed Jessica
  4135 | D:3      | Noticed Terence
  4145 | D:3      | Killed Terence
  4827 | D:3      | Reached XP level 6. HP: 38/44 MP: 13/16
  5001 | D:4      | Found a shimmering altar of Xom.
  5231 | D:4      | Reached skill level 5 in Dodging
  5264 | D:4      | Found a radiant altar of Vehumet.
  5264 | D:4      | Found an opulent altar of Gozag.
  5266 | D:4      | Found a shadowy altar of Dithmenos.
  5277 | D:4      | Became a worshipper of Vehumet
  5282 | D:4      | Learned a level 3 spell: Ignite Poison
  5286 | D:4      | Learned a level 3 spell: Call Canine Familiar
  5373 | D:4      | Noticed Pikel
  5387 | D:4      | Killed Pikel
  5388 | D:4      | Reached skill level 5 in Stealth
  5388 | D:4      | Reached XP level 7. HP: 38/51 MP: 6/18
  5716 | D:4      | Found a broken altar of Ashenzari.
  5744 | D:4      | Reached XP level 8. HP: 57/57 MP: 17/19
  6091 | D:5      | Entered Level 5 of the Dungeon
  6465 | D:4      | Reached skill level 8 in Spellcasting
  6470 | D:4      | Upgraded the game from 0.28-a0-397-g1a7b1a870f to
                  | 0.28-a0-406-g4bac719ec2
  6667 | D:5      | Found a basalt altar of Yredelemnul.
  6701 | D:5      | Found Tax Osir's Magic Scroll Shoppe.
  6708 | D:5      | Bought a scroll of fear for 49 gold pieces
  6784 | D:5      | Found a staircase to the Ecumenical Temple.
  7002 | D:5      | Found a shimmering blue altar of Sif Muna.
  7313 | D:6      | Reached XP level 9. HP: 59/65 MP: 4/21
  7698 | D:6      | Found a glowing golden altar of the Shining One.
  7725 | D:6      | Reached * piety under Vehumet
  7725 | D:6      | Offered knowledge of Shock by Vehumet.
  7792 | D:6      | Learned a level 4 spell: Summon Lightning Spire
  8305 | D:7      | Found an ornate altar of the Wu Jian Council.
  8366 | D:7      | Found a stormy altar of Qazlal.
  8523 | D:7      | Noticed a nameless horror
  8529 | D:7      | Killed a nameless horror
  8608 | D:7      | Found an ancient bone altar of Kikubaaqudgha.
  8678 | D:7      | Noticed a boulder beetle
  9188 | D:7      | HP: 1/65 [boulder beetle (16)]
  9551 | D:6      | Learned a level 4 spell: Airstrike
  9560 | D:6      | Slain by a boulder beetle

Illustrated notes

Levels and vault maps discovered:
D:1:      dpeg_arrival_three_same_balls, layout_loops_ring,
          shapermc_ecumenical_altar_rom_forum, serial_shops, nicolae_shop_stone,
          minmay_strange_pillars
D:2:      layout_basic, minmay_increasing_density, uniq_robin
D:3:      layout_basic, nicolae_overflow_crystal_walls, uniq_jessica,
          uniq_terence
D:4:      layout_basic, gammafunk_temple_overflow_claw,
          mainiacjoe_overflow_cross_hatched, mainiacjoe_overflow_brackets,
          portal_sewer_entry_d, uniq_pikel
D:5:      layout_rooms, old_standard_altar, mainiacjoe_overflow_catwalk,
          minmay_temple_entry_fiery, serial_shops, kennysheep_mini_moat
D:6:      layout_basic, kennysheep_little_box
D:7:      lemuel_ratsnest, layout_rooms, fedhas_altar_fruit_tree,
          lemuel_coloured_pillars_altar, mainiacjoe_overflow_surrounded_room,
          lemuel_round_altar, uniq_maggie

Skill      XL: |  1  2  3  4  5  6  7  8  9 |
---------------+----------------------------+-----
Conjurations   | 2 3 4 |  4.2
Summonings     | 2 3 4 |  4.2
Translocations | 2 3 4 |  4.2
Invocations    | 1 3 4 |  4.7
Fighting       | 1 2 3 4 |  4.3
Short Blades   | 1 2 3 4 |  4.3
Long Blades    | 1 2 3 4 |  4.3
Axes           | 1 2 3 4 |  4.3
Maces & Flails | 1 2 3 4 |  4.3
Polearms       | 1 2 3 4 |  4.3
Staves         | 1 2 3 4 |  4.3
Slings         | 1 2 3 4 |  4.3
Bows           | 1 2 3 4 |  4.3
Crossbows      | 1 2 3 4 |  4.3
Throwing       | 1 2 3 4 |  4.3
Armour         | 1 2 3 4 |  4.3
Shields        | 1 2 3 4 |  4.3
Unarmed Combat | 1 2 3 4 |  4.3
Evocations     | 1 2 3 4 |  4.3
Hexes          | 1 2 3 |  3.5
Necromancy     | 1 2 3 |  3.5
Transmutations | 1 2 3 |  3.5
Fire Magic     | 1 2 3 |  3.5
Ice Magic      | 1 2 3 |  3.5
Air Magic      | 1 2 3 |  3.5
Earth Magic    | 1 2 3 |  3.5
Poison Magic   | 1 2 3 |  3.5
Dodging        | 5 6 |  6.3
Stealth        | 5 6 |  6.1
Spellcasting   | 8 |  8.4

Action                   |  1- 3 |  4- 6 |  7- 9 || total
-------------------------+-------+-------+-------++-------
Melee: Dagger            |   117 |   176 |    64 ||   357
       Bite              |     8 |    13 |    17 ||    38
       Punch             |       |     2 |     1 ||     3
       Flail             |       |       |    54 ||    54
       Long sword        |       |       |    10 ||    10
Throw: Dart              |       |       |     3 ||     3
       Javelin           |       |       |     7 ||     7
 Cast: Magic Dart        |    20 |    43 |     7 ||    70
       Slow              |     3 |     3 |     9 ||    15
       Call Imp          |     7 |     7 |       ||    14
       Blink             |     3 |     9 |    11 ||    23
       Mephitic Cloud    |       |     3 |    22 ||    25
       Call Canine Famil |       |     2 |     8 ||    10
       Ignite Poison     |       |       |    12 ||    12
       Summon Lightning  |       |       |    10 ||    10
  Use: Scroll            |     4 |     6 |    11 ||    21
 Stab: Sleeping          |     8 |     8 |     2 ||    18
       Held in net/web   |     1 |       |       ||     1
       Confused          |       |       |     2 ||     2
Armor: Robe              |    14 |     3 |       ||    17
       Animal skin       |       |    37 |    35 ||    72
Dodge: Dodged            |    93 |   101 |   100 ||   294

Table legend: (Time is in decaauts)
 A = Elapsed time spent in this place.
 B = Non-inter-level travel time spent in this place.
 C = Inter-level travel time spent in this place.
 D = Time resting spent in this place.
 E = Time spent auto-exploring this place.
 F = Levels seen in this place.
 G = Mean time per level.
                   A        B        C        D        E       F      G
               +--------+--------+--------+--------+--------+-----+--------+
         Total |   9557 |   9074 |    483 |   2135 |   4550 |   7 | 1365.3 |
       Dungeon |   9557 |   9074 |    483 |   2135 |   4550 |   7 | 1365.3 |
               +--------+--------+--------+--------+--------+-----+--------+

Top non-repeatable levels by time:
     D:1: 2084 daAuts
     D:2: 1707 daAuts
     D:4: 1532 daAuts
     D:6: 1502 daAuts
     D:3: 1165 daAuts
     D:5: 917 daAuts
     D:7: 647 daAuts
